 Dungeon Crawl Stone Soup version 0.26.1-10-gdfb7c7de75 (webtiles) character file.

Game seed: 10046204865158870263

131 Almogavar the Fighter (level 5, -3/51 HPs)
             Began as a Gnoll Wanderer on Apr 5, 2021.
             Slain by a gnoll
             ... wielding a +4 flail of protection
              (9 damage)
             ... on level 3 of the Dungeon.
             The game lasted 00:05:14 (1862 turns).

Almogavar the Fighter (Gnoll Wanderer)              Turns: 1862, Time: 00:05:16

Health: -3/51      AC: 10    Str: 17    XL:     5   Next: 14%
Magic:  7/7        EV: 10    Int: 14    God:
Gold:   145        SH:  0    Dex: 13    Spells: 6/6 levels left

rFire    . . .     SeeInvis .   a - +0 short sword
rCold    . . .     Faith    .   (no shield)
rNeg     . . .     Spirit   .   c - +2 scale mail
rPois    .         Reflect  .   g - +1 hat
rElec    .         Harm     .   (no cloak)
rCorr    .         Rampage  .   (no gloves)
Will     .....                  (no boots)
Stlth    ..........             (no amulet)
HPRegen  0.17/turn              h - ring of flight
MPRegen  0.10/turn              (no ring)

@: no status effects
A: distributed training, fangs 1, strong nose
a: Evoke Flight


You were on level 3 of the Dungeon.
You visited 1 branch of the dungeon, and saw 3 of its levels.

You collected 145 gold pieces.

Inventory:

Hand Weapons
 a - a +0 short sword (weapon)
Missiles
 i - 14 poisoned darts
 k - 2 boomerangs (quivered)
Armour
 c - a +2 scale mail (worn)
 g - a +1 hat (worn)
Jewellery
 h - a ring of flight (left hand)
Scrolls
 b - 2 scrolls of teleportation
 d - a scroll of fog {unknown}
 f - a scroll of remove curse
Potions
 e - a potion of magic
 l - 2 potions of heal wounds


   Skills:
 + Level 8.6 Fighting
 + Level 2.9 Short Blades
 + Level 1.4 Long Blades
 + Level 1.4 Axes
 + Level 1.4 Maces & Flails
 + Level 1.4 Polearms
 + Level 1.4 Staves
 + Level 1.4 Slings
 + Level 1.4 Bows
 + Level 1.4 Crossbows
 + Level 1.4 Throwing
 + Level 6.6 Armour
 + Level 1.4 Dodging
 + Level 1.4 Stealth
 + Level 4.7 Shields
 + Level 1.4 Unarmed Combat
 + Level 1.4 Spellcasting
 + Level 1.1 Conjurations
 + Level 1.1 Hexes
 + Level 1.1 Summonings
 + Level 1.1 Necromancy
 + Level 1.1 Translocations
 + Level 1.1 Transmutations
 + Level 1.1 Fire Magic
 + Level 1.1 Ice Magic
 + Level 1.1 Air Magic
 + Level 1.1 Earth Magic
 + Level 1.1 Poison Magic
 + Level 1.5 Invocations
 + Level 1.4 Evocations


You had 6 spell levels left.
You didn't know any spells.
Your spell library was empty.

Dungeon Overview and Level Annotations

Branches:
Dungeon (3/15)

Altars:


Innate Abilities, Weirdness & Mutations

Your experience applies equally to all skills.
You have very sharp teeth.
Your uncanny sense of smell can sniff out nearby items.


Message History

The gnoll hits you but does no damage.
You hit the gnoll but do no damage. The rat barely misses you.
The kobold barely misses you.
The gnoll hits you with a +4 flail of protection.
The gnoll hits you with a +0 spear.
You barely miss the gnoll. You bite the gnoll, but do no damage.
The rat closely misses you. The kobold misses you.
The gnoll closely misses you. x2
You closely miss the gnoll. Your bite misses the gnoll.
The rat bites you but does no damage. The kobold hits you but does no damage.
The gnoll hits you with a +4 flail of protection.
The gnoll hits you with a +0 spear!
* * * LOW HITPOINT WARNING * * *
You hit the gnoll. You bite the gnoll.
The gnoll is severely wounded.
The rat closely misses you.
The kobold hits you with a +0 short sword.
* * * LOW HITPOINT WARNING * * *
The gnoll hits you with a +4 flail of protection!
You die...

.. #. #.###
.... #..#
#..# #rg#
####K@######.
#...g........
#......######
#####(####
#....# ####.#
#.# #.# #.#


You could see 2 gnolls, a kobold and a rat.

Vanquished Creatures
  An orc wizard (D:2)
  3 adders (D:2)
  A gnoll (D:3)
  2 oozes
  2 dart slugs (D:1)
  2 leopard geckos
  4 orcs (D:2)
  2 ball pythons
  3 bats
  A giant cockroach (D:2)
  2 goblins (D:2)
  4 hobgoblins
  5 jackals
  A quokka (D:3)
  6 frilled lizards
  6 kobolds
  5 rats
50 creatures vanquished.

Notes
Turn   | Place    | Note
-------+----------+-------------------------------------------
     0 | D:1      | Almogavar the Gnoll Wanderer began the quest for the Orb.
     0 | D:1      | Almogavar set off with the following items: a +0 short
                  | sword, a scroll of teleportation, a +2 scale mail
     0 | D:1      | Reached XP level 1. HP: 26/26 MP: 1/1
   166 | D:1      | Reached XP level 2. HP: 25/33 MP: 2/2
   494 | D:1      | Reached XP level 3. HP: 38/38 MP: 3/3
   938 | D:2      | Reached skill level 1 in Invocations
   952 | D:2      | Reached skill level 1 in Long Blades
   952 | D:2      | Reached skill level 1 in Axes
   952 | D:2      | Reached skill level 1 in Maces & Flails
   952 | D:2      | Reached skill level 1 in Polearms
   952 | D:2      | Reached skill level 1 in Staves
   952 | D:2      | Reached skill level 1 in Slings
   952 | D:2      | Reached skill level 1 in Bows
   952 | D:2      | Reached skill level 1 in Crossbows
   952 | D:2      | Reached skill level 1 in Throwing
   952 | D:2      | Reached skill level 1 in Dodging
   952 | D:2      | Reached skill level 1 in Stealth
   952 | D:2      | Reached skill level 1 in Unarmed Combat
   952 | D:2      | Reached skill level 1 in Spellcasting
   952 | D:2      | Reached skill level 1 in Evocations
   987 | D:2      | Reached XP level 4. HP: 45/45 MP: 5/5
  1312 | D:2      | Reached skill level 1 in Conjurations
  1312 | D:2      | Reached skill level 1 in Hexes
  1312 | D:2      | Reached skill level 1 in Summonings
  1312 | D:2      | Reached skill level 1 in Necromancy
  1312 | D:2      | Reached skill level 1 in Translocations
  1312 | D:2      | Reached skill level 1 in Transmutations
  1312 | D:2      | Reached skill level 1 in Fire Magic
  1312 | D:2      | Reached skill level 1 in Ice Magic
  1312 | D:2      | Reached skill level 1 in Air Magic
  1312 | D:2      | Reached skill level 1 in Earth Magic
  1312 | D:2      | Reached skill level 1 in Poison Magic
  1532 | D:2      | Reached XP level 5. HP: 48/51 MP: 6/6
  1862 | D:3      | Slain by a gnoll

Illustrated notes

Levels and vault maps discovered:
D:1:      lemuel_arrival_broad_hall, layout_loops_ring
D:2:      layout_loops_ring
D:3:      minmay_recursive_quarters, layout_rooms, portal_sewer_entry_e,
          uniq_terence, uniq_jessica

Skill      XL: |  1  2  3  4 |
---------------+-------------+-----
Invocations    | 1 |  1.5
Long Blades    | 1 |  1.4
Axes           | 1 |  1.4
Maces & Flails | 1 |  1.4
Polearms       | 1 |  1.4
Staves         | 1 |  1.4
Slings         | 1 |  1.4
Bows           | 1 |  1.4
Crossbows      | 1 |  1.4
Throwing       | 1 |  1.4
Dodging        | 1 |  1.4
Stealth        | 1 |  1.4
Unarmed Combat | 1 |  1.4
Spellcasting   | 1 |  1.4
Evocations     | 1 |  1.4
Conjurations   | 1 |  1.1
Hexes          | 1 |  1.1
Summonings     | 1 |  1.1
Necromancy     | 1 |  1.1
Translocations | 1 |  1.1
Transmutations | 1 |  1.1
Fire Magic     | 1 |  1.1
Ice Magic      | 1 |  1.1
Air Magic      | 1 |  1.1
Earth Magic    | 1 |  1.1
Poison Magic   | 1 |  1.1
Fighting       | |  8.6
Short Blades   | |  2.9
Armour         | |  6.6
Shields        | |  4.7

Action                   |  1- 3 |  4- 6 || total
-------------------------+-------+-------++-------
Melee: Short sword       |   105 |   116 ||   221
       Bite              |     7 |    10 ||    17
  Use: Scroll            |     4 |     2 ||     6
Armor: Scale mail        |    40 |    59 ||    99
Dodge: Dodged            |    52 |    61 ||   113
